 Seeded DCSS version 0.28.0-1-gb440e238dd (webtiles) character file.

Game seed: 20220225 (custom seed)

410 Woods the Skirmisher (level 6, 0/40 HPs)
             Began as a Gargoyle Fighter on Feb 25, 2022.
             Was an Initiate of Yredelemnul.
             Shot with an arrow by a centaur (8 damage)
             ... on level 5 of the Dungeon.
             The game lasted 00:04:47 (4913 turns).

Woods the Skirmisher (Gargoyle Fighter)             Turns: 4913, Time: 00:04:48

Health: 0/40       AC: 13    Str: 19    XL:     6   Next: 89%
Magic:  6/6        EV:  7    Int:  9    God:    Yredelemnul [......]
Gold:   102        SH:  4    Dex: 11    Spells: 5/5 levels left

rFire   . . .      SeeInvis .   a - +0 flail
rCold   . . .      Faith    .   c - +0 buckler
rNeg    + . .      Spirit   .   o - +0 chain mail
rPois   ∞          Reflect  .   (no helmet)
rElec   +          Harm     .   (no cloak)
rCorr   .          Rampage  .   (no gloves)
Will    .....                   (no boots)
Stlth   ..........              (no amulet)
HPRegen 0.13/turn               (no ring)
MPRegen 0.10/turn               (no ring)

@: about to teleport
A: sickness immunity, AC +4, negative energy resistance 1, electricity
resistance, torment resistance 1, petrification resistance
a: Renounce Religion, Recall Undead Harvest


You were on level 5 of the Dungeon.
You worshipped Yredelemnul.
Yredelemnul was noncommittal.
You visited 2 branches of the dungeon, and saw 6 of its levels.

You collected 102 gold pieces.

Inventory:

Hand Weapons
 a - a +0 flail (weapon)
Armour
 b - a +2 tower shield
 c - a +0 buckler (worn)
 o - a +0 chain mail (worn)
Scrolls
 e - 2 scrolls of teleportation
 f - 2 scrolls of enchant armour
 h - a scroll of magic mapping {unknown}
 i - a scroll of blinking {unknown}
 j - a scroll of noise {unknown}
 l - 2 scrolls of summoning {unknown}
 m - 2 scrolls of identify
 q - a scroll of fear {unknown}
Potions
 d - 2 potions of might
 g - a potion of magic {unknown}
 k - a potion of lignification {unknown}
 n - a potion of curing {unknown}
 p - a potion of degeneration {unknown}


   Skills:
 + Level 4.9 Fighting
 + Level 2.6(3.4) Axes
 + Level 3.8(4.8) Maces & Flails
 + Level 2.9(3.9) Staves
 - Level 3.5 Armour
 - Level 3.5 Shields


You had 5 spell levels left.
You didn't know any spells.
Your spell library contained the following spells:

 Spells                   Type           Power      Damage    Failure   Level
 Ignite Poison            Fire/Tmut/Pois 0%         N/A       100%        3
 Mephitic Cloud           Conj/Pois/Air  0%         N/A       100%        3
 Olgreb's Toxic Radiance  Pois           0%         N/A       100%        4
 Freezing Cloud           Conj/Ice/Air   0%         6-21      100%        5
 Ozocubu's Refrigeration  Ice            0%         4d5       100%        7
 Ignition                 Fire           0%         3d3       100%        8


Dungeon Overview and Level Annotations

Branches:
Dungeon (5/15)             Temple (1/1) D:4

Altars:
Ashenzari
Cheibriados
Elyvilon
Fedhas
Gozag
Hepliaklqana
Kikubaaqudgha
Makhleb
Nemelex Xobeh
Okawaru
Qazlal
Ru
Sif Muna
Trog
Uskayaw
Vehumet
Wu Jian
Xom
Yredelemnul
Zin
The Shining One

Shops:
D:1 ?

Annotations:
D:4 3 runed translucent doors, boopmooplesden's ghost, amateur MiFi; wootz's ghost, amateur DgCj
D:5 Pikel


Innate Abilities, Weirdness & Mutations

You are immune to sickness and miasma.
Your stone body is resilient. (AC +4)
You are immune to poison.
You resist negative energy. (rN+)
You are resistant to electric shocks. (rElec)
You are resistant to unholy torment.
You are immune to petrification.


Message History

Found 7 gold pieces.
Found an escape hatch in the floor.
A centaur comes into view.
Found a cyan potion.
The centaur shouts!
The centaur wields a +0 shortbow.
The centaur shoots an arrow.
The arrow barely misses you.
The centaur shoots an arrow.
The arrow hits you!
The centaur shoots an arrow.
The arrow hits you!
A bullfrog zombie comes into view.
The centaur shoots an arrow.
The arrow hits you but does no damage.
The centaur shoots an arrow.
The arrow hits you.
As you read the scroll labelled NEBUTA QAMAE, it crumbles to dust.
You feel strangely unstable.
It was a scroll of teleportation.
The centaur shoots an arrow.
The arrow hits you but does no damage.
The centaur shoots an arrow.
The arrow hits you but does no damage.
Your surroundings suddenly seem different.
Found 15 arrows and 17 gold pieces.
Found a tubular pearl ring and 11 gold pieces.
You now have 102 gold pieces (gained 17).
You start resting.
A centaur is nearby!
As you read the scroll labelled QEICZA ELOFO, it crumbles to dust.
It is a scroll of identify.
f - 2 scrolls of enchant armour The centaur shouts!
The centaur shoots an arrow.
The arrow hits you but does no damage.
The centaur shoots an arrow.
The arrow barely misses you.
The centaur shoots an arrow.
The arrow barely misses you.
The centaur shoots an arrow.
The arrow hits you!
The centaur shoots an arrow.
The arrow hits you!
As you read the scroll of teleportation, it crumbles to dust.
You feel strangely unstable.
The centaur shoots an arrow.
The arrow hits you but does no damage.
The centaur shoots an arrow.
The arrow hits you.
* * * LOW HITPOINT WARNING * * *
The centaur shoots an arrow.
The arrow hits you.
* * * LOW HITPOINT WARNING * * *
The centaur shoots an arrow.
The arrow hits you but does no damage.
The centaur shoots an arrow.
The arrow hits you!
You die...
Your body rises from the dead as a mindless zombie.

..........#.#.....#
..........#.......#.
.............c#.....
......(.......#.....
....................
..............#....
..............# .
..............#
.............@#
.........#####
.........# ..$.=...#
....


You could see a centaur.

Vanquished Creatures
  A black bear (D:4)
  2 iguanas (D:4)
  Jessica (D:2)
  An orc wizard (D:4)
  2 hound skeletons (D:4)
  9 adders
  A worm (D:3)
  3 dart slugs
  11 orcs
  13 ball pythons
  A bat (D:1)
  4 endoplasms
  2 giant cockroaches
  7 hobgoblins
  6 jackals
  10 kobolds
  A quokka (D:1)
  A frilled lizard (D:1)
  4 goblins
  7 rats
87 creatures vanquished.

Vanquished Creatures (collateral kills)
  A quokka (D:4)
1 creature vanquished.

Grand Total: 88 creatures vanquished

Notes
Turn   | Place    | Note
-------+----------+-------------------------------------------
     0 | D:1      | Woods the Gargoyle Fighter began the quest for the Orb.
     0 | D:1      | Reached XP level 1. HP: 14/14 MP: 1/1
   350 | D:1      | Reached XP level 2. HP: 19/19 MP: 2/2
   618 | D:1      | Reached XP level 3. HP: 23/23 MP: 3/3
   656 | D:1      | Found Disosh's Magic Scroll Emporium.
  1472 | D:2      | Reached XP level 4. HP: 9/29 MP: 4/4
  1602 | D:2      | Reached skill level 1 in Axes
  1602 | D:2      | Reached skill level 1 in Staves
  1886 | D:2      | Noticed Jessica
  1905 | D:2      | Killed Jessica
  1906 | D:2      | Reached skill level 4 in Fighting
  2052 | D:2      | Reached XP level 5. HP: 33/33 MP: 5/5
  2746 | D:3      | Found a faded altar of an unknown god.
  3032 | D:4      | Found a runed translucent gate.
  3032 | D:4      | Found a runed translucent gate.
  3032 | D:4      | Found a runed translucent gate.
  3035 | D:4      | Noticed wootz's ghost (amateur DgCj)
  3035 | D:4      | Noticed boopmooplesden's ghost (amateur MiFi)
  3548 | D:4      | Reached XP level 6. HP: 32/39 MP: 6/6
  3915 | D:4      | Found a staircase to the Ecumenical Temple.
  3944 | Temple   | Entered the Ecumenical Temple
  4106 | Temple   | Became a worshipper of Yredelemnul the Dark
  4217 | D:4      | Noticed a black bear
  4234 | D:4      | Killed a black bear
  4722 | D:5      | Entered Level 5 of the Dungeon
  4729 | D:5      | Noticed Pikel
  4913 | D:5      | Shot with an arrow by a centaur

Illustrated notes

Levels and vault maps discovered:
D:1:      scummos_arrival_forest, layout_basic, serial_shops, shop_fountains,
          hex_intersection, minmay_stone_trees_small, minmay_misc_feat_roman,
          minmay_misc_feat_secret_circle
D:2:      layout_rooms, serial_curves, eino_curves_01, eino_curves_02,
          st_stairs_3, uniq_jessica
D:3:      kennysheep_big_flooded_room, layout_rooms,
          shapermc_ecumenical_altar_starsandcircs
D:4:      layout_cave_pods, minmay_temple_entry_glass, gammafunk_ghost_cemetery,
          kennysheep_generic_room_8
D:5:      layout_basic, uniq_pikel
Temple:   kilobyte_greek_temple

Skill      XL: |  1  2  3  4  5 |
---------------+----------------+-----
Axes           | 1 2 |  2.6
Staves         | 1 2 |  2.9
Fighting       | 4 |  4.9
Maces & Flails | 3 |  3.8
Armour         | |  3.5
Shields        | |  3.5

Action                   |  1- 3 |  4- 6 || total
-------------------------+-------+-------++-------
Melee: Flail             |   118 |   205 ||   323
  Use: Scroll            |       |     3 ||     3
Armor: Scale mail        |    75 |    78 ||   153
       Chain mail        |       |    51 ||    51
Dodge: Dodged            |    49 |    91 ||   140
Block: Buckler           |    25 |    46 ||    71
